 Dungeon Crawl Stone Soup version 0.29-a0-483-g69413ace17 (webtiles) character file.

Game seed: 13969733882380976389

59 oldark the Skirmisher (level 4, -3/49 HPs)
             Began as an Ogre Abyssal Knight on May 25, 2022.
             Was a Believer of Lugonu.
             Slain by Jessica
             ... wielding a +5 dagger of venom
              (5 damage)
             ... on level 2 of the Dungeon.
             The game lasted 00:02:40 (1604 turns).

oldark the Skirmisher (Ogre Abyssal Knight)         Turns: 1604, Time: 00:02:41

Health: -3/49      AC:  3    Str: 19    XL:     4   Next: 3%
Magic:  6/6        EV: 10    Int: 11    God:    Lugonu [**....]
Gold:   35         SH:  5    Dex:  9    Spells: 3/3 levels left

rFire   . . .      SeeInvis .   a - +1 mace
rCold   . . .      Faith    .   (no shield)
rNeg    . . .      Spirit   .   b - +0 robe
rPois   .          Reflect  +   (helmet restricted)
rElec   .          Harm     .   (no cloak)
rCorr   .          Rampage  .   (gloves unavailable)
Will    .....                   (boots unavailable)
Stlth   +.........              d - amulet of reflection
HPRegen 0.16/turn               (no ring)
MPRegen 0.10/turn               (no ring)

@: lethally poisoned (-3 -> -26)
A: large, unfitting armour, tough skin 1
a: Renounce Religion, Depart the Abyss, Bend Space


You were on level 2 of the Dungeon.
You worshipped Lugonu.
Lugonu was pleased with you.
You visited 1 branch of the dungeon, and saw 2 of its levels.
You visited the Abyss 1 time.

You collected 35 gold pieces.

Inventory:

Hand Weapons
 a - a +1 mace (weapon)
Armour
 b - a +0 robe (worn)
Jewellery
 d - an amulet of reflection (around neck)
Scrolls
 e - a scroll of poison {unknown}
 f - 2 scrolls of teleportation {unknown}
 h - a scroll of brand weapon {unknown}
Potions
 c - a potion of curing {unknown}
 g - a potion of resistance {unknown}


   Skills:
 + Level 4.7 Fighting
 * Level 2.9 Maces & Flails
 - Level 2.1 Dodging
 + Level 2.8 Invocations


You had 3 spell levels left.
You didn't know any spells.
Your spell library was empty.

Dungeon Overview and Level Annotations

Branches:
Dungeon (2/15)

Altars:

Annotations:
D:2 Jessica


Innate Abilities, Weirdness & Mutations

You are too large for most types of armour.
You have tough skin. (AC +1)


Message History

a +0 short sword; a +0 scale mail; the human corpse of Terence You start resting.
HP restored.
Magic restored.
Jessica the Apprentice Sorceress comes into view.
She is wielding a +5 dagger of venom.
Jessica shouts!
You closely miss Jessica.
Jessica hits you with a +5 dagger of venom.
You hit Jessica.
Jessica is heavily wounded.
Jessica barely misses you.
You hit Jessica but do no damage.
Jessica is heavily wounded.
Jessica hits you with a +5 dagger of venom.
You are poisoned.
You closely miss Jessica.
Jessica is heavily wounded.
You feel very sick. Jessica barely misses you.
Jessica hits you with a +5 dagger of venom!
You are more poisoned.
You hit Jessica but do no damage.
Jessica is heavily wounded.
You feel extremely sick.
Jessica gestures wildly while chanting.
Jessica seems to speed up.
You are too injured to fight recklessly!
You hit Jessica.
Jessica is severely wounded.
You feel very sick. You block Jessica's attack.
Jessica hits you with a +5 dagger of venom!
* * * LOW HITPOINT WARNING * * *
You are more poisoned.
You hit Jessica but do no damage.
Jessica is severely wounded.
* * * LOW HITPOINT WARNING * * *
You feel extremely sick.
Jessica hits you with a +5 dagger of venom.
You die...

#. #(# # #. #.# .. #.
#.# .# #. #.# .# #.
#######.#######.#####
...........)........#
.#.#####.####..#.##.#
#.# ##....##.# #.#
#.@......# #.#
#.@....... #.#
#..#.##... #..
..#......# #####.
#.##.## .. .. .. .. .
. #..


You could see Jessica (fast).

Vanquished Creatures
  Terence (D:2)
  A ball python (D:1)
  5 endoplasms
  2 giant cockroaches (D:1)
  A goblin (D:1)
  5 hobgoblins
  5 jackals (D:1)
  A quokka (D:1)
  3 bats
  2 frilled lizards
  2 kobolds (D:1)
  A rat (D:1)
29 creatures vanquished.

Notes
Turn   | Place    | Note
-------+----------+-------------------------------------------
     0 | Abyss:1  | oldark the Ogre Abyssal Knight began the quest for the Orb.
     0 | Abyss:1  | Reached XP level 1. HP: 24/24 MP: 2/2
    19 | D:1      | Escaped the Abyss
   202 | D:1      | Reached XP level 2. HP: 11/32 MP: 3/3
  1260 | D:1      | Reached XP level 3. HP: 39/40 MP: 4/4
  1562 | D:2      | Noticed Terence
  1572 | D:2      | Killed Terence
  1573 | D:2      | Reached XP level 4. HP: 46/49 MP: 4/6
  1595 | D:2      | Noticed Jessica
  1604 | D:2      | HP: 2/49 [poisoned by Jessica]
  1604 | D:2      | Slain by Jessica

Illustrated notes

Levels and vault maps discovered:
D:1:      dpeg_arrival_boxes_within_box, layout_loops_corners,
          minmay_crystal_water
D:2:      layout_loops_ring, ebering_ecumenical_altar_hall, uniq_jessica,
          uniq_terence, uniq_robin, uniq_crazy_yiuf_cottage

Skill      XL: |  1 |
---------------+----+-----
Maces & Flails | 2 |  2.9
Fighting       | |  4.7
Dodging        | |  2.1
Invocations    | |  2.8

Action                   |  1- 3 |  4- 6 || total
-------------------------+-------+-------++-------
Melee: Mace              |    84 |     7 ||    91
Armor: Robe              |    39 |       ||    39
Dodge: Dodged            |    48 |     2 ||    50
Block: Other             |    10 |     1 ||    11

Table legend: (Time is in decaauts)
 A = Elapsed time spent in this place.
 B = Non-inter-level travel time spent in this place.
 C = Inter-level travel time spent in this place.
 D = Time resting spent in this place.
 E = Time spent auto-exploring this place.
 F = Levels seen in this place.
 G = Mean time per level.
                   A        B        C        D        E       F      G
               +--------+--------+--------+--------+--------+-----+--------+
         Total |   1630 |   1603 |     27 |    378 |   1004 |   3 |  543.3 |
       Dungeon |   1611 |   1584 |     27 |    378 |    989 |   2 |  805.5 |
         Abyss |     19 |     19 |      0 |      0 |     15 |   1 |   19.0 |
               +--------+--------+--------+--------+--------+-----+--------+

Top non-repeatable levels by time:
     D:1: 1432 daAuts
     D:2: 179 daAuts
 Abyss:1: 19 daAuts
